 Dungeon Crawl Stone Soup version 0.25-a0-1007-g10a8c3caa8 (webtiles) character file.

Game seed: 8729514087135479679, levelgen mode: deterministic

313 wullow the Shield-Bearer (level 6, -1/48 HPs)
             Began as a Human Fighter on May 11, 2020.
             Slain by Edmund
             ... wielding a +4 dire flail of draining
              (15 damage)
             ... on level 3 of the Dungeon.
             The game lasted 00:04:22 (3012 turns).

wullow the Shield-Bearer (Human Fighter)            Turns: 3012, Time: 00:04:23

Health: -1/48      AC:  6    Str: 18    XL:     6   Next: 71%
Magic:  6/6        EV:  7    Int:  9    God:
Gold:   196        SH: 10    Dex: 12    Spells: 5/5 levels left

rFire    . . .     SeeInvis .   o - +2 short sword (flame)
rCold    . . .     Gourm    .   c - +1 kite shield
rNeg     . . .     Faith    .   b - +0 scale mail
rPois    .         Spirit   .   (no helmet)
rElec    .         Reflect  .   (no cloak)
rCorr    .         Harm     .   (no gloves)
MR       ++...                  (no boots)
Stlth    ..........             (no amulet)
HPRegen  0.16/turn              j - ring of protection from magic
MPRegen  0.10/turn              (no ring)

@: heavily drained
A: magic resistance 1, screaming 1
a: no special abilities


You were on level 3 of the Dungeon.
You were hungry.

You visited 1 branch of the dungeon, and saw 4 of its levels.

You collected 196 gold pieces.

Inventory:

Hand Weapons
 a - a +0 rapier
 l - a +0 dagger
 n - a +0 hunting sling
 o - a +2 short sword of flaming (weapon)
Missiles
 p - 53 arrows
 q - 56 stones (quivered)
Armour
 b - a +0 scale mail (worn)
 c - a +1 kite shield (worn)
Jewellery
 j - a ring of protection from magic (left hand)
Scrolls
 e - a scroll of remove curse
 h - a scroll of identify
 m - a scroll of immolation {unknown}
Potions
 d - 3 potions of might
 g - a potion of haste {unknown}
 i - a potion of brilliance
 k - a potion of ambrosia {unknown}
 r - a potion of curing {unknown}
Comestibles
 f - 11 rations


   Skills:
 + Level 4.1(2.0) Fighting
 + Level 3.4(1.3) Short Blades
 + Level 4.0(1.9) Armour
 * Level 5.0(2.8) Shields


You had 5 spell levels left.
You didn't know any spells.
Your spell library was empty.

Dungeon Overview and Level Annotations

Branches:
Dungeon (4/15)
 Temple: D:4-7

Altars:
Sif Muna
Zin
The Shining One

Annotations:
D:3 Edmund


Innate Abilities, Weirdness & Mutations

You are resistant to hostile enchantments. (MR+)
You occasionally shout uncontrollably at your foes.


Message History

Edmund hits you with a +4 dire flail of draining.
You feel drained.
You hit Edmund. You burn Edmund.
Edmund is moderately wounded.
Edmund hits you with a +4 dire flail of draining.
You feel drained.
You hit Edmund. You burn Edmund.
Edmund is moderately wounded.
Edmund hits you with a +4 dire flail of draining!
* * * LOW HITPOINT WARNING * * *
You feel drained.
* * * LOW HITPOINT WARNING * * *
You hit Edmund. You burn Edmund.
Edmund is moderately wounded.
You block Edmund's attack.
You hit Edmund. You burn Edmund.
Edmund is heavily wounded.
Edmund says, "A flail is better than a scythe, any day of the week!"
Edmund hits you with a +4 dire flail of draining!
You die...

### ######### ..# #...@@..# ..#
###.#####.# ..# #...### #.#
####### ..########.#...# #.#
#.....# ..+...........>#
#.#####.###.## ..#####.....<..#
#....##.#....#
..#####........######.##.#.####
.....)................##.#.#
...รท............##.......#.#


You could see Edmund.

Vanquished Creatures
  An ogre (D:4)
  A bullfrog (D:4)
  A scorpion (D:4)
  3 adders
  3 worms
  4 dart slugs
  A leopard gecko (D:2)
  6 orcs (D:3)
  4 giant cockroaches
  9 goblins
  6 hobgoblins
  4 jackals (D:3)
  A quokka (D:2)
  5 bats
  7 frilled lizards
  7 kobolds
  10 rats
73 creatures vanquished.

Notes
Turn   | Place    | Note
-------+----------+-------------------------------------------
     0 | D:1      | wullow the Human Fighter began the quest for the Orb.
     0 | D:1      | Reached XP level 1. HP: 18/18 MP: 1/1
   257 | D:1      | Reached XP level 2. HP: 24/24 MP: 2/2
   659 | D:1      | Reached XP level 3. HP: 26/29 MP: 3/3
  1314 | D:2      | Found a shimmering blue altar of Sif Muna.
  1412 | D:2      | Found a glowing silver altar of Zin.
  1753 | D:3      | Gained mutation: You occasionally shout uncontrollably at
                  | your foes. [potion of mutation]
  1753 | D:3      | Gained mutation: You are resistant to hostile enchantments.
                  | (MR+) [potion of mutation]
  1768 | D:3      | Reached XP level 4. HP: 35/35 MP: 4/4
  2169 | D:3      | Reached skill level 4 in Shields
  2266 | D:3      | Reached XP level 5. HP: 41/41 MP: 5/5
  2624 | D:4      | Noticed a bullfrog
  2634 | D:4      | Killed a bullfrog
  2634 | D:4      | Reached XP level 6. HP: 44/48 MP: 6/6
  2661 | D:4      | Found a glowing golden altar of the Shining One.
  2747 | D:4      | Noticed an ogre
  2757 | D:4      | Killed an ogre
  2965 | D:4      | Noticed Edmund
  2969 | D:4      | Reached skill level 5 in Shields
  3012 | D:3      | Slain by Edmund

Illustrated notes

Levels and vault maps discovered:
D:1:      psy_arrival_terrarium, layout_loops_cross, minmay_misc_feat_alley
D:2:      layout_loops_ring, led_sif_pool, lemuel_doored_altar, first_ration,
          chequers_serial_rivers_micro_c
D:3:      layout_basic
D:4:      layout_loops_ring, kennysheep_mini_moat, marbit_many_paths,
          lemuel_coloured_pillars_altar, nicolae_tso_carved_into_rock,
          uniq_edmund

Skill      XL: |  1  2  3  4  5  6 |
---------------+-------------------+-----
Shields        | 4 5 |  5.0
Short Blades   | 3 |  3.4
Fighting       | 4 |  4.1
Armour         | 4 |  4.0

Action                   |  1- 3 |  4- 6 || total
-------------------------+-------+-------++-------
Melee: Rapier            |   119 |       ||   119
       Short sword       |     2 |   147 ||   149
  Use: Scroll            |     7 |     1 ||     8
       Potion            |     1 |       ||     1
  Eat: Chunk             |     2 |     4 ||     6
Armor: Scale mail        |    69 |    40 ||   109
Dodge: Dodged            |    40 |    34 ||    74
Block: Kite shield       |    64 |    73 ||   137

Table legend:
 A = Non-vault XP
 B = Vault XP
 C = Vault XP percentage of total XP
 D = Non-vault monster count
 E = Vault monster count
 F = Vault count percentage of total count
                 A         B        C        D         E       F
            +---------+---------+-------+---------+---------+-------
      Total |     448 |       0 |   0.0 |      73 |       0 |   0.0
            +---------+---------+-------+---------+---------+-------
        D:1 |      33 |       0 |   0.0 |      19 |       0 |   0.0
        D:2 |      34 |       0 |   0.0 |      16 |       0 |   0.0
        D:3 |      73 |       0 |   0.0 |      31 |       0 |   0.0
        D:4 |     308 |       0 |   0.0 |       7 |       0 |   0.0
            +---------+---------+-------+---------+---------+-------
